 Dungeon Crawl Stone Soup version 0.30-a0-802-gb92711bcdf (webtiles) character file.

Game seed: 919050715782208253

170 cheesebisquit the Chopper (level 5, 0/45 HPs)
             Began as a Hill Orc Fighter on Feb 23, 2023.
             Slain by a gnoll
             ... wielding a +0 spear
             ... led by a gnoll bouda
              (4 damage)
             ... on level 4 of the Dungeon.
             The game lasted 00:05:45 (2502 turns).

cheesebisquit the Chopper (Hill Orc Fighter)        Turns: 2502, Time: 00:05:45

Health: 0/45       AC:  8    Str: 21    XL:     5   Next: 51%
Magic:  5/5        EV:  5    Int:  8    God:
Gold:   101        SH:  0    Dex: 10    Spells: 4/4 levels left

rFire   . . .      SeeInvis +    a - +0 war axe
rCold   . . .      Faith    .    c - +0 buckler
rNeg    . . .      Spirit   .    b - +0 scale mail
rPois   .          Reflect  .    (no helmet)
rElec   .          Harm     .    (no cloak)
rCorr   .          Rampage  .    f - +0 pair of gloves
Will    .....                    (no boots) Stlth
                                 (no amulet)
HPRegen 0.27/turn                m - ring of flight
MPRegen 0.09/turn                n - ring of see invisible

@: flying, held
A: no striking features
a: no special abilities


You were on level 4 of the Dungeon.
You visited 1 branch of the dungeon, and saw 4 of its levels.

You collected 101 gold pieces.

Inventory:

Hand Weapons
 a - a +0 war axe (weapon)
Missiles
 i - 3 poisoned darts (quivered)
Armour
 b - a +0 scale mail (worn)
 c - a +0 buckler (worn)
 f - a +0 pair of gloves (worn)
Jewellery
 m - a ring of flight (left hand)
 n - a ring of see invisible (right hand)
 o - a ring of positive energy
Scrolls
 e - 2 scrolls of torment {unknown}
 h - a scroll of fog {unknown}
 j - 5 scrolls of identify {unknown}
 k - a scroll of enchant armour {unknown}
 p - a scroll of magic mapping {unknown}
 r - a scroll of noise {unknown}
 s - a scroll of teleportation {unknown}
Potions
 d - 2 potions of might
 g - a potion of ambrosia {unknown}
 l - a potion of mutation {unknown}
 q - a potion of curing {unknown}


   Skills:
 - Level 3.6 Fighting
 + Level 7.3 Axes
 - Level 3.2 Armour
 - Level 3.2 Shields


You had 4 spell levels left.
You didn't know any spells.
Your spell library contained the following spells:

 Spells                   Type           Power      Damage    Failure   Level
 Summon Small Mammal      Summ           0%         N/A       83%         1
 Call Canine Familiar     Summ           0%         N/A       99%         3
 Ignite Poison            Fire/Tmut/Pois 0%         N/A       99%         3
 Summon Guardian Golem    Hex/Summ       0%         N/A       99%         3
 Sticky Flame             Conj/Fire      0%         2d3       100%        4
 Ignition                 Fire           0%         3d3       100%        8


Dungeon Overview and Level Annotations

Branches:
Dungeon (4/15)
 Temple: D:4-7

Altars:


Message History

You kill the gnoll!
You hit the gnoll but do no damage. The gnoll closely misses you.
The gnoll hits you from afar with a +0 spear.
The gnoll closely misses you.
You hit the gnoll.
The gnoll is heavily wounded.
You closely miss the gnoll.
The gnoll hits you with a +1 flail of protection.
The gnoll completely misses you. The gnoll hits you but does no damage.
The gnoll hits you with a +1 flail of protection.
You barely miss the gnoll.
The gnoll is heavily wounded.
You barely miss the gnoll. The gnoll hits you but does no damage.
You block the gnoll's attack. x2
You barely miss the gnoll.
The gnoll is heavily wounded.
You hit the gnoll but do no damage.
Your attacks no longer feel as feeble.
The gnoll hits you but does no damage. The gnoll hits you with a +0 club.
The gnoll barely misses you.
You hit the gnoll.
The gnoll is almost dead.
You barely miss the gnoll.
The gnoll hits you from afar with a +0 spear.
You block the gnoll's attack. The gnoll closely misses you.
You slash the gnoll!
You kill the gnoll!
You hit the gnoll.
The gnoll is no longer moving quickly.
The gnoll hits you but does no damage. The gnoll closely misses you.
You closely miss the gnoll.
The gnoll is almost dead.
The gnoll throws a throwing net.
The throwing net hits you.
You become entangled in the net!
The gnoll hits you with a +1 flail of protection.
The gnoll hits you but does no damage.
You struggle against the net.
The gnoll hits you with a +1 flail of protection!
* * * LOW HITPOINT WARNING * * *
The gnoll hits you from afar with a +0 spear.
You die...

### #.. ##.#
... #### ###.#
....#
#.#.#.##g....#
#.....@).....#
######.#g.....#
#.....<#...(..#
#.##...#......#
#...#......#
#...#......#
#.....#...##
#.#.#####.#
#....


You could see 2 gnolls.

Vanquished Creatures
  A gnoll bouda (D:4)
  An iguana (D:3)
  2 gnolls (D:4)
  3 adders
  A worm (D:3)
  4 dart slugs
  4 bats
  2 endoplasms (D:1)
  2 giant cockroaches
  8 goblins
  8 hobgoblins
  3 jackals (D:3)
  4 kobolds
  3 quokkas
  6 ball pythons
  4 frilled lizards
  3 rats
59 creatures vanquished.

Notes
Turn   | Place    | Note
-------+----------+-------------------------------------------
     0 | D:1      | cheesebisquit the Hill Orc Fighter began the quest for the
                  | Orb.
     0 | D:1      | Reached XP level 1. HP: 19/19 MP: 1/1
    43 | D:1      | Reached skill level 3 in Axes
   112 | D:1      | Reached XP level 2. HP: 26/26 MP: 2/2
   391 | D:1      | Reached skill level 4 in Axes
   734 | D:1      | Reached XP level 3. HP: 27/31 MP: 3/3
   975 | D:2      | Reached skill level 5 in Axes
  1067 | D:2      | Found a faded altar of an unknown god.
  1223 | D:2      | Reached XP level 4. HP: 36/39 MP: 4/4
  1270 | D:2      | Identified the +0 robe of Xom, Glimmering {Rampage Fly
                  | Dex-2}
  1851 | D:3      | Reached skill level 6 in Axes
  2142 | D:3      | Reached XP level 5. HP: 45/45 MP: 5/5
  2493 | D:4      | Reached skill level 7 in Axes
  2502 | D:4      | Slain by a gnoll

Illustrated notes

Levels and vault maps discovered:
D:1:      dpeg_arrival_long_road, layout_loops_corners, kennysheep_another_room,
          hangedman_decor_slide_cut, hangedman_decor_growths
D:2:      layout_loops_ring, ebering_ecumenical_altar_mist, minmay_bisected
D:3:      layout_loops_cross, minmay_misc_feat_rugged
D:4:      layout_basic, mainiacjoe_overflow_paths, minmay_pentomino_pile,
          uniq_menkaure

Skill      XL: |  1  2  3  4  5 |
---------------+----------------+-----
Axes           | 3 4 5 6 7 |  7.3
Fighting       | |  3.6
Armour         | |  3.2
Shields        | |  3.2

Action                     |  1- 3 |  4- 6 || total
---------------------------+-------+-------++-------
  Melee: War axe           |    97 |    60 ||   157
 Armour: Scale mail        |    44 |    25 ||    69
  Dodge: Dodged            |    41 |    35 ||    76
  Block: Buckler           |    22 |    13 ||    35

Table legend: (Time is in decaauts)
 A = Elapsed time spent in this place.
 B = Non-inter-level travel time spent in this place.
 C = Inter-level travel time spent in this place.
 D = Time resting spent in this place.
 E = Time spent auto-exploring this place.
 F = Levels seen in this place.
 G = Mean time per level.
                   A        B        C        D        E       F      G
               +--------+--------+--------+--------+--------+-----+--------+
         Total |   2546 |   2355 |    191 |      0 |   1922 |   4 |  636.5 |
       Dungeon |   2546 |   2355 |    191 |      0 |   1922 |   4 |  636.5 |
               +--------+--------+--------+--------+--------+-----+--------+

Top non-repeatable levels by time:
     D:1: 964 daAuts
     D:2: 805 daAuts
     D:3: 757 daAuts
     D:4: 18 daAuts
